 Dungeon Sprint DCSS version 0.28.0-43-g3370ac3207 (webtiles) character file.

Game seed: 7890700717928186394

4735 boopmooplesden the Severer (level 10, -2/104 HPs)
             Began as a Minotaur Berserker on Mar 13, 2022.
             Was the Champion of Trog.
             Slain by a spriggan
             ... wielding a +0 short sword
              (4 damage)
             ... in the Dungeon (Sprint IV: "Fedhas' Mad Dash").
             The game lasted 00:04:03 (1684 turns).

boopmooplesden the Severer (Minotaur Berserker)     Turns: 1684, Time: 00:04:03

Health: -2/104     AC:  5    Str: 22    XL:     10   Next: 22%
Magic:  9/9        EV: 14    Int:  6    God:    Trog [******]
Gold:   116        SH:  4    Dex: 12    Spells: 9/9 levels left

rFire   . . .      SeeInvis .   o - +4 war axe (flame)
rCold   . . .      Faith    .   i - +0 buckler
rNeg    . . .      Spirit   .   m - +0 leather armour
rPois   .          Reflect  .   (helmet restricted)
rElec   .          Harm     .   (no cloak)
rCorr   .          Rampage  .   (no gloves)
Will    .....      NoTele   +   l - +0 pair of boots
Stlth   +++.......              j - amulet of invisibility {+Inv}
HPRegen 0.27/turn               (no ring)
MPRegen 0.11/turn               (no ring)

@: on berserk cooldown, slowed, very slow
A: horns 2, retaliatory headbutt
a: Renounce Religion, Evoke Invisibility, Berserk, Trog's Hand, Brothers in Arms


You were in the Dungeon.
You worshipped Trog.
Trog was exalted by your worship.
You visited 1 branch You collected 200 gold pieces.
You spent 84 gold pieces at shops.

Inventory:

Hand Weapons
 a - a +0 hand axe
 o - a +4 war axe of flaming (weapon)
 p - a +3 antimagic hand axe
 s - a +4 vorpal battleaxe
Armour
 b - a +0 animal skin
 i - a +0 buckler (worn)
 l - a +0 pair of boots (worn)
 m - a +0 leather armour (worn)
Jewellery
 j - the amulet of invisibility (around neck) {+Inv}
   (You found it in the Dungeon)

   [amulet of nothing]

   +Inv:      It lets you turn invisible.
Scrolls
 h - a scroll of blinking
Potions
 c - 2 potions of curing
 d - a potion of heal wounds
 e - 2 potions of haste
 f - 2 potions of magic
 g - a potion of berserk rage
 k - a potion of brilliance {unknown}
 n - a potion of ambrosia {unknown}
 r - a potion of invisibility {unknown}


   Skills:
 + Level 14.4 Fighting
 + Level 16.5 Axes
 + Level 7.8 Armour
 + Level 9.0 Dodging
 + Level 7.2 Stealth
 + Level 2.8 Shields
 + Level 9.4 Evocations


You had 9 spell levels left.
You didn't know any spells.
Your spell library was empty.

Dungeon Overview and Level Annotations

Branches:
Dungeon (1/1)

Altars:
Cheibriados
Dithmenos
Elyvilon
Gozag
Hepliaklqana
Kikubaaqudgha
Makhleb
Nemelex Xobeh
Okawaru
Qazlal
Ru
Sif Muna
Trog
Uskayaw
Vehumet
Wu Jian
Xom
Yredelemnul
Zin
The Shining One
Beogh
Jiyva
Lugonu

Shops:
D ([(:=


Innate Abilities, Weirdness & Mutations

You have a pair of horns on your head.
You reflexively headbutt those who attack you in melee.


Message History

You feel a strong urge to attack something.
A spriggan rider and 2 spriggans come into view.
The spriggan rider shouts!
The spriggan shouts! x2
Found Ruucs's Jewellery Emporium.
The spriggan hits you with a +0 rapier.
There is an open door here.
You barely miss the spriggan. You slice the spriggan!! You burn the spriggan!
You kill the spriggan!
Trog accepts your kill.
The spriggan rider hits you with a +0 spear!!
You block the spriggan's attack.
Items here: ) [[ †.
You slash the spriggan rider! You burn the spriggan rider.
The spriggan rider is moderately wounded.
You closely miss the spriggan. You closely miss the spriggan rider.
The spriggan rider is moderately wounded.
You hit the spriggan. You burn the spriggan.
You are no longer berserk.
You are exhausted.
You feel yourself slow down. The spriggan rider barely misses you.
You furiously retaliate!
You headbutt the spriggan rider! The spriggan misses you.
You miss the spriggan rider.
The spriggan rider is heavily wounded.
You miss the spriggan.
The spriggan rider hits you with a +0 spear!!
* * * LOW HITPOINT WARNING * * *
The spriggan misses you.
You closely miss the spriggan rider.
Your headbutt misses the spriggan rider.
The spriggan rider is heavily wounded.
You closely miss the spriggan.
The spriggan rider hits you with a +0 spear!
* * * LOW HITPOINT WARNING * * *
The spriggan barely misses you.
The spriggan rider hits you from afar with a +0 spear!
* * * LOW HITPOINT WARNING * * *
The spriggan hits you with a +0 short sword.
You die...

###################
.⌠.#..)...#....##∩#
_..'.)#...#....'..#
...#..###'##.(.##∩# ###
_..#.)##∩∩.'...#### ...#
.⌠.#################...∩#
########......###.....♣
##.'.)'.......'.@ii.♣
#:.#..#.......#######
##.##+##......# ...#
######## ####


You could see a spriggan rider and a spriggan.

Vanquished Creatures
  A spriggan druid (D)
  6 oklob plants (D)
  A demonic crawler (D)
  3 burning bushes (D)
  A queen bee (D)
  3 wandering mushrooms (D)
  3 scorpions (D)
  4 killer bees (D)
  5 oklob saplings (D)
  3 spriggans (D)
  A river rat (D)
  A rat (D)
32 creatures vanquished.

Vanquished Creatures (others)
  A ballistomycete spore (D)
  4 fungi (D)
5 creatures vanquished.

Grand Total: 37 creatures vanquished

Notes
Turn   | Place    | Note
-------+----------+-------------------------------------------
     0 | D        | boopmooplesden the Minotaur Berserker began the quest for
                  | the Orb.
     0 | D        | Reached XP level 1. HP: 19/19 MP: 0/0
     7 | D        | Reached skill level 4 in Axes
     7 | D        | Reached XP level 2. HP: 28/28 MP: 1/1
   245 | D        | Noticed an oklob sapling
   246 | D        | Killed an oklob sapling
   246 | D        | Reached ** piety under Trog
   247 | D        | Reached skill level 6 in Axes
   247 | D        | Reached XP level 3. HP: 37/37 MP: 2/2
   248 | D        | Noticed a scorpion
   248 | D        | Found the amulet of invisibility {+Inv}
   250 | D        | Killed a scorpion
   251 | D        | Reached skill level 7 in Axes
   251 | D        | Reached XP level 4. HP: 47/47 MP: 3/3
   293 | D        | Found an opulent altar of Gozag.
   293 | D        | Found a hazy altar of Hepliaklqana.
   293 | D        | Found a snail-covered altar of Cheibriados.
   294 | D        | Found a viscous altar of Jiyva.
   294 | D        | Found a burning altar of Makhleb.
   294 | D        | Found a sparkling altar of Nemelex Xobeh.
   294 | D        | Found a sacrificial altar of Ru.
   294 | D        | Found a shimmering blue altar of Sif Muna.
   294 | D        | Found a bloodstained altar of Trog.
   294 | D        | Found an ornate altar of the Wu Jian Council.
   294 | D        | Found a shimmering altar of Xom.
   294 | D        | Found a basalt altar of Yredelemnul.
   295 | D        | Found an iron altar of Okawaru.
   295 | D        | Found a shadowy altar of Dithmenos.
   295 | D        | Found a glowing silver altar of Zin.
   296 | D        | Found an ancient bone altar of Kikubaaqudgha.
   296 | D        | Found a hide-covered altar of Uskayaw.
   297 | D        | Found a stormy altar of Qazlal.
   297 | D        | Found a white marble altar of Elyvilon.
   297 | D        | Found a glowing golden altar of the Shining One.
   298 | D        | Found a corrupted altar of Lugonu.
   298 | D        | Found a radiant altar of Vehumet.
   319 | D        | Reached skill level 8 in Axes
   319 | D        | Reached XP level 5. HP: 17/55 MP: 4/4
   375 | D        | Reached skill level 1 in Evocations
   643 | D        | Reached *** piety under Trog
   644 | D        | Reached skill level 9 in Axes
   644 | D        | Reached skill level 5 in Armour
   735 | D        | Reached skill level 1 in Stealth
   737 | D        | Reached skill level 10 in Axes
   737 | D        | Reached skill level 5 in Dodging
   737 | D        | Reached XP level 6. HP: 66/66 MP: 5/5
   760 | D        | Found Paviuts's Armour Shop.
   761 | D        | Found Ikotut's Antique Weapon Emporium.
   765 | D        | Bought a +0 pair of boots for 58 gold pieces
   774 | D        | Bought a +0 leather armour for 26 gold pieces
   785 | D        | Noticed a burning bush
   785 | D        | Noticed a wandering mushroom
   786 | D        | Noticed a wandering mushroom
   792 | D        | Reached **** piety under Trog
   793 | D        | Reached skill level 10 in Fighting
   794 | D        | Killed a wandering mushroom
   795 | D        | Reached skill level 11 in Axes
   929 | D        | Killed a wandering mushroom
   930 | D        | Reached XP level 7. HP: 51/74 MP: 6/6
  1047 | D        | Killed a burning bush
  1048 | D        | Reached skill level 12 in Axes
  1050 | D        | Found Isupigiox's Weapon Shoppe.
  1051 | D        | Found Tyiluh's Book Emporium.
  1100 | D        | Noticed a queen bee
  1109 | D        | Reached ***** piety under Trog
  1116 | D        | Killed a queen bee
  1117 | D        | Reached skill level 13 in Axes
  1117 | D        | Reached skill level 5 in Evocations
  1117 | D        | Reached XP level 8. HP: 85/85 MP: 5/7
  1152 | D        | Noticed an oklob plant
  1159 | D        | Killed an oklob plant
  1159 | D        | Received a gift from Trog
  1188 | D        | Noticed a burning bush
  1195 | D        | Killed a burning bush
  1196 | D        | Reached skill level 14 in Axes
  1217 | D        | Noticed a burning bush
  1217 | D        | Noticed an oklob plant
  1218 | D        | Noticed a wandering mushroom
  1224 | D        | Killed a burning bush
  1225 | D        | Reached skill level 1 in Shields
  1225 | D        | Reached XP level 9. HP: 93/93 MP: 5/8
  1231 | D        | Killed an oklob plant
  1232 | D        | Reached skill level 5 in Stealth
  1236 | D        | Reached skill level 15 in Axes
  1294 | D        | Noticed a spriggan druid
  1299 | D        | Killed a spriggan druid
  1349 | D        | Noticed an oklob plant conjurer
  1350 | D        | Killed an oklob plant conjurer
  1381 | D        | Noticed an oklob plant
  1381 | D        | Noticed an oklob plant summoner
  1382 | D        | Noticed an oklob plant shifter
  1390 | D        | Killed an oklob plant
  1390 | D        | Reached ****** piety under Trog
  1393 | D        | Killed an oklob plant summoner
  1393 | D        | Received a gift from Trog
  1394 | D        | Reached skill level 16 in Axes
  1394 | D        | Reached XP level 10. HP: 68/103 MP: 7/9
  1400 | D        | Killed an oklob plant shifter
  1675 | D        | Noticed a spriggan rider
  1676 | D        | Found Ruucs's Jewellery Emporium.
  1684 | D        | HP: 2/104 [spriggan rider/+0 spear (14)]
  1684 | D        | Slain by a spriggan

Illustrated notes

Levels and vault maps discovered:
D:        dungeon_sprint_fedhas [sprint_temple]

Skill      XL: |  1  2  3  4  5  6  7  8  9 10 |
---------------+-------------------------------+-----
Fighting       | 4 6 7 8 9 11 12 13 14 | 14.4
Axes           | 4 6 7 8 10 11 13 14 16 | 16.5
Armour         | 3 4 5 6 7 |  7.8
Dodging        | 3 4 5 6 7 8 9 |  9.0
Evocations     | 2 3 5 6 8 9 |  9.4
Stealth        | 1 2 3 4 6 7 |  7.2
Shields        | 1 2 |  2.8

Action                   |  1- 3 |  4- 6 |  7- 9 | 10-12 || total
-------------------------+-------+-------+-------+-------++-------
Melee: Hand axe          |     5 |    40 |     8 |       ||    53
       Headbutt          |     2 |    18 |    11 |     3 ||    34
       Punch             |       |     1 |       |       ||     1
       War axe           |       |       |    41 |    14 ||    55
Invok: Berserk           |     2 |     4 |     4 |     1 ||    11
 Abil: Evoke Invisibilit |       |     3 |     7 |       ||    10
  Use: Scroll            |       |     1 |     1 |     1 ||     3
 Stab: Invisible         |       |     1 |     4 |     1 ||     6
       Sleeping          |       |       |     3 |       ||     3
Armor: Leather armour    |       |     1 |     1 |       ||     2
Dodge: Dodged            |       |    10 |    16 |     8 ||    34
Block: Buckler           |       |       |     3 |     2 ||     5
